 Dungeon Crawl Stone Soup version 0.28-a0-537-g3bccd9ccbf (webtiles) character file.

Game seed: 5389531059324643815

202 omnomnOMINOUS the Bolt Thrower (level 5, -6/36 HPs)
             Began as an Octopode Wanderer on Sept 27, 2021.
             Splashed by a jelly's acid (11 damage)
             ... on level 4 of the Dungeon.
             The game lasted 00:07:48 (4033 turns).

omnomnOMINOUS the Bolt Thrower (Octopode Wanderer)  Turns: 4033, Time: 00:07:50

Health: -6/36      AC: -3    Str: 18    XL:     5   Next: 80%
Magic:  8/8        EV: 13    Int: 18    God:
Gold:   306        SH:  0    Dex: 10    Spells: 7/8 levels left

rFire   x . .      SeeInvis .   a - +2 dagger (venom)
rCold   + . .      Faith    .   (no shield)
rNeg    . . .      Spirit   .   (helmet restricted)
rPois   .          Reflect  .   (no amulet)
rElec   +          Harm     .   u - ring of Abstinence {Ice rElec Str+4 Int+4}
rCorr   .          Rampage  .   (no ring)
Will    .....                   (no ring)
Stlth   +++.......              (no ring)
HPRegen 0.12/turn               (no ring)
MPRegen 0.11/turn               (no ring)
                                (no ring)
                                (no ring)

@: corroded
A: almost no armour, amphibious, 8 rings, camouflage 1, gelatinous body 1,
nimble swimmer 1, tentacles
a: no special abilities


You were on level 4 of the Dungeon.
You visited 1 branch of the dungeon, and saw 4 of its levels.

You collected 306 gold pieces.

Inventory:

Hand Weapons
 a - a +2 dagger of venom (weapon)
 b - a +0 hand crossbow
 c - a +2 vampiric short sword
 p - a +0 scimitar
 s - a +0 quarterstaff
 t - a +0 spear
Missiles
 d - 21 bolts
 j - 2 throwing nets
 k - 6 curare-tipped darts (quivered)
Jewellery
 u - the ring of Abstinence (left tentacle) {Ice rElec Str+4 Int+4}
   (You found it on level 4 of the Dungeon)

   [ring of ice]

   It enhances your ice magic.
   Str:       It affects your strength (+4).
   Int:       It affects your intelligence (+4).
   rF:        It makes you vulnerable to fire.
   rC:        It protects you from cold.
   rElec:     It insulates you from electricity.
Scrolls
 e - 4 scrolls of teleportation
 g - 2 scrolls of noise {unknown}
 h - 2 scrolls of identify {unknown}
 i - a scroll of enchant weapon {unknown}
 n - a scroll of holy word {unknown}
 o - a scroll of summoning {unknown}
 r - a scroll of amnesia {unknown}
Potions
 f - 4 potions of might {unknown}
 l - 2 potions of brilliance {unknown}
 m - 2 potions of haste
 q - a potion of ambrosia {unknown}


   Skills:
 + Level 3.2 Fighting
 - Level 2.0 Polearms
 - Level 4.0 Crossbows
 - Level 1.0 Throwing
 + Level 3.0 Dodging
 - Level 1.3 Stealth
 - Level 1.0 Shields
 + Level 2.4 Spellcasting


You had 7 spell levels left.
You knew the following spells:

 Your Spells              Type           Power      Damage    Failure   Level
a - Apportation           Tloc           4%         N/A       17%         1

Your spell library contained the following spells:

 Spells                   Type           Power      Damage    Failure   Level
 Animate Skeleton         Necr           4%         N/A       17%         1
 Summon Small Mammal      Summ           8%         N/A       17%         1


Dungeon Overview and Level Annotations

Branches:
Dungeon (4/15)
 Temple: D:4-7

Altars:

Shops:
D:1 =


Innate Abilities, Weirdness & Mutations

You cannot wear most types of armour.
You are amphibious.
You can wear up to eight rings at the same time.
Your skin changes colour to match your surroundings (Stealth+).
Your rubbery body absorbs attacks. (AC +1, EV +1)
You are camouflaged near water. (Stealth+)
You have tentacles for arms and can constrict up to eight enemies at once.


Message History

You kill the dart slug!
Your Dodging skill increases to level 3!
No target in view!
No target in view!
A dart slug is nearby!
Found a stone staircase leading down.
You hit the dart slug. You grab the dart slug.
The dart slug is heavily wounded.
You constrict the dart slug. You hit the dart slug.
The dart slug is poisoned.
The dart slug is almost dead.
You constrict the dart slug.
You kill the dart slug!
No target in view!
You start resting.
A jelly comes into view.
You see here 19 gold pieces.
You now have enough gold to buy a ring of willpower on D:1, or buy a ring of ice on D:1.
You can access your shopping list by pressing '$'.
You now have 306 gold pieces (gained 19).
There are no items here.
You start resting.
A jelly is nearby!
The jelly quivers.
The jelly barely misses you.
You hit the jelly.
Your tentacles burn!
The jelly is lightly wounded.
The jelly hits you. The acid corrodes you!
You are splashed with acid!
You hit the jelly.
Your tentacles burn!
The jelly is moderately wounded.
The jelly hits you.
You are splashed with acid.
* * * LOW HITPOINT WARNING * * *
You hit the jelly.
Your tentacles burn!
* * * LOW HITPOINT WARNING * * *
Your squeeze misses the jelly.
The jelly is heavily wounded.
The jelly hits you.
* * * LOW HITPOINT WARNING * * *
You are splashed with acid!
You die...

...... . ........##..
#.... ...≈≈.≈≈...... ....>
##....≈≈≈≈≈≈≈....# ....##
....≈≈≈≈≈≈≈≈≈≈≈..##......
...≈≈≈≈≈≈≈≈≈≈≈≈≈..#...<.
#..≈#≈#≈≈≈≈≈≈≈≈≈J....... #
##≈≈≈≈≈#≈≈≈≈≈≈≈#@#.# ...
#≈≈≈≈(≈≈≈≈≈##≈≈≈≈≈###.....
##≈≈?≈≈≈...≈...≈≈≈..[.....
..≈≈.....<.....##†...#....
.≈≈≈⌠†#≈...#≈.≈≈##.### .
.≈≈≈≈≈≈≈≈÷≈≈≈≈≈≈≈≈.#
..≈≈≈≈≈≈≈≈≈≈≈≈≈≈#...#
...≈≈≈≈≈≈≈≈≈≈≈≈†......
...≈≈≈≈≈≈≈≈≈≈≈#≈......


You could see a jelly.

Vanquished Creatures
  An orc priest (D:3)
  3 adders
  4 gnolls
  11 dart slugs
  12 orcs (D:3)
  A ball python (D:3)
  5 endoplasms
  3 giant cockroaches
  9 goblins
  3 hobgoblins
  3 kobolds
  4 quokkas
  2 bats (D:3)
  4 frilled lizards
  7 rats
72 creatures vanquished.

Notes
Turn   | Place    | Note
-------+----------+-------------------------------------------
     0 | D:1      | omnomnOMINOUS the Octopode Wanderer began the quest for the
                  | Orb.
     0 | D:1      | omnomnOMINOUS set off with the following items: a +2
                  | dagger, a potion of haste, a +0 hand crossbow, 23 bolts, a
                  | scroll of teleportation
     0 | D:1      | Reached XP level 1. HP: 13/13 MP: 1/1
   261 | D:1      | Found Ykall's Jewellery Emporium.
   502 | D:1      | Reached skill level 1 in Dodging
   502 | D:1      | Reached XP level 2. HP: 12/18 MP: 2/2
   800 | D:2      | Reached XP level 3. HP: 14/24 MP: 2/4
   815 | D:2      | Reached skill level 1 in Spellcasting
   816 | D:2      | HP: 1/36 [poisoned by an adder]
  1373 | D:2      | Learned a level 1 spell: Apportation
  2176 | D:3      | Reached XP level 4. HP: 27/30 MP: 4/6
  2614 | D:3      | Reached XP level 5. HP: 27/36 MP: 6/8
  3897 | D:4      | Identified the ring of Abstinence {Ice rElec Str+4 Int+4}
  4033 | D:4      | Splashed by a jelly's acid

Illustrated notes

Levels and vault maps discovered:
D:1:      minmay_arrival_stone_box, layout_rooms, serial_shops, shop,
          minmay_door_square
D:2:      layout_basic
D:3:      layout_rooms, minmay_fractal_squares_gapless_5
D:4:      kennysheep_slugbush, layout_cave_pools, fedhas_altar_2

Skill      XL: |  1  2  3  4  5 |
---------------+----------------+-----
Dodging        | 1 2 3 |  3.0
Fighting       | 2 3 |  3.2
Spellcasting   | 1 2 |  2.4
Polearms       | |  2.0
Crossbows      | |  4.0
Throwing       | |  1.0
Stealth        | |  1.3
Shields        | |  1.0

Action                   |  1- 3 |  4- 6 || total
-------------------------+-------+-------++-------
Melee: Dagger            |    73 |    86 ||   159
       Constrict         |    15 |    30 ||    45
       Tentacles         |     9 |    20 ||    29
       Whip              |     3 |       ||     3
 Fire: Hand crossbow     |     4 |       ||     4
  Use: Potion            |     1 |       ||     1
 Stab: Sleeping          |     4 |     4 ||     8
       Distracted        |     1 |       ||     1
Armor: Skin              |    10 |     5 ||    15
Dodge: Dodged            |    34 |    45 ||    79

Table legend: (Time is in decaauts)
 A = Elapsed time spent in this place.
 B = Non-inter-level travel time spent in this place.
 C = Inter-level travel time spent in this place.
 D = Time resting spent in this place.
 E = Time spent auto-exploring this place.
 F = Levels seen in this place.
 G = Mean time per level.
                   A        B        C        D        E       F      G
               +--------+--------+--------+--------+--------+-----+--------+
         Total |   4033 |   3917 |    116 |   1513 |   1621 |   4 | 1008.2 |
       Dungeon |   4033 |   3917 |    116 |   1513 |   1621 |   4 | 1008.2 |
               +--------+--------+--------+--------+--------+-----+--------+

Top non-repeatable levels by time:
     D:3: 2046 daAuts
     D:1: 990 daAuts
     D:2: 828 daAuts
     D:4: 167 daAuts
